 Dungeon Crawl Stone Soup version 0.30.0-11-gf55b779eaf (webtiles) character file.

Game seed: 5441703992929572966

105 hikkokomori the Digger (level 4, -2/26 HPs)
             Began as a Gargoyle Earth Elementalist on May 17, 2023.
             Slain by an orc
             ... wielding a +0 mace
              (4 damage)
             ... on level 4 of the Dungeon.
             The game lasted 00:02:05 (1466 turns).

hikkokomori the Digger (GrEE)                       Turns: 1466, Time: 00:02:05

Health: -2/26      AC:  7    Str: 11    XL:     4   Next: 83%
Magic:  5/8        EV: 16    Int: 18    God:
Gold:   78         SH:  0    Dex: 10    Spells: 7/8 levels left

rFire   . . .        n - +1 dagger (vamp)
rCold   . . .        (no shield)
rNeg    + . .        a - +0 robe
rPois   ∞            (no helmet)
rElec   +            g - +1 cloak
rCorr   .            (no gloves)
SInv    .            (no boots)
Will    .....        (no amulet)
Stlth   ++           m - +5 ring of evasion
HPRegen 0.24/turn    (no ring)
MPRegen 0.11/turn

%: no passive effects
@: hasted, very quick
A: sickness immunity, AC +3, negative energy resistance 1, electricity
resistance, torment resistance 1, petrification resistance
a: no special abilities


You were on level 4 of the Dungeon.
You visited 1 branch of the dungeon, and saw 4 of its levels.

You collected 78 gold pieces.

Inventory:

Hand Weapons
 n - a +1 vampiric dagger (weapon)
Armour
 a - a +0 robe (worn)
 g - a +1 cloak (worn)
Magical Staves
 d - a staff of cold
Jewellery
 m - a +5 ring of evasion (left hand)
Scrolls
 c - a scroll of teleportation {unknown}
 j - a scroll of identify {unknown}
 k - a scroll of fear {unknown}
 o - a scroll of amnesia {unknown}
Potions
 b - a potion of magic
 e - a potion of heal wounds {unknown}
 f - a potion of haste
 h - a potion of curing {unknown}
 i - a potion of might {unknown}
 l - 2 potions of degeneration {unknown}


   Skills:
 + Level 2.1 Fighting
 - Level 1.5 Dodging
 + Level 3.4 Stealth
 + Level 2.7 Spellcasting
 - Level 0.7 Transmutations
 + Level 4.5 Earth Magic


You had 7 spell levels left.
You knew the following spells:

 Your Spells              Type           Power      Damage    Failure   Level
a - Sandblast             Erth           36%        2d10      2%          1

Your spell library contained the following spells:

 Spells                   Type           Power      Damage    Failure   Level
 Passwall                 Tmut/Erth      9%         N/A       9%          2
 Stone Arrow              Conj/Erth      20%        3d8       21%         3
 Petrify                  Tmut/Erth      11%        N/A       50%         4


Dungeon Overview and Level Annotations

Branches:
Dungeon (4/15)
 Temple: D:4-7

Altars:

Annotations:
D:2 Sigmund


Innate Abilities, Weirdness & Mutations

You are immune to sickness and miasma.
Your stone body is resilient. (AC +3)
You are immune to poison.
You resist negative energy. (rN+)
You are resistant to electric shocks. (rElec)
You are resistant to unholy torment.
You are immune to petrification.


Message History

An orc is nearby!
An orc is nearby!
An orc is nearby!
Found 11 gold pieces and 2 curare-tipped darts.
The blast of sand hits the orc!
You kill the orc!
There is a stone staircase leading down here.
An orc and an orc priest come into view.
The orc shouts!
The orc priest shouts!
You hear a shout!
There are monsters nearby!
The blast of sand hits the orc priest but does no damage.
The orc priest mumbles some strange prayers to Beogh against you.
Beogh smites you!
The blast of sand hits the orc priest but does no damage.
The orc priest looks satisfied for a moment.
The blast of sand hits the orc!
You kill the orc!
The blast of sand hits the orc priest but does no damage.
A kobold comes into view. It is wielding a +0 dagger.
The orc priest completely misses you.
The orc priest calls down the wrath of Beogh upon you.
Beogh smites you!
* * * LOW HITPOINT WARNING * * *
You are too injured to fight recklessly!
You are too injured to fight recklessly!
Unknown command.
The orc priest hits you but does no damage.
There is a stone staircase leading down here.
The orc priest hits you with a +0 mace.
* * * LOW HITPOINT WARNING * * *
You climb downwards.
Found a fuming green potion, 15 gold pieces and 2 white potions.
Found a stone staircase leading up.
There is a stone staircase leading up here.
Unknown command.
It was a potion of haste.
You feel yourself speed up.
The orc shouts! x2
The orc closely misses you. The orc priest closely misses you.
The orc hits you with a +0 mace.
You die...

#.....#
##.....#
#......#
#<.....#
#...o..# #
#...!..#
##..#oo....#
#.!...@o...#
#........$.#
#..........#
############


You could see an orc priest and 3 orcs.

Vanquished Creatures
  Jessica (D:2)
  2 adders (D:2)
  3 gnolls (D:3)
  A dart slug (D:2)
  3 orcs (D:3)
  A ball python (D:3)
  5 endoplasms
  3 goblins
  2 hobgoblins (D:1)
  3 bats
  2 frilled lizards
  3 kobolds
  3 rats (D:1)
32 creatures vanquished.

Notes
Turn   | Place    | Note
-------+----------+-------------------------------------------
     0 | D:1      | hikkokomori the Gargoyle Earth Elementalist began the quest
                  | for the Orb.
     0 | D:1      | Reached XP level 1. HP: 10/10 MP: 3/3
   342 | D:1      | Reached XP level 2. HP: 16/16 MP: 3/5
   974 | D:2      | Noticed Jessica
   977 | D:2      | Reached skill level 1 in Fighting
   981 | D:2      | Killed Jessica
   982 | D:2      | Reached skill level 4 in Earth Magic
   982 | D:2      | Reached XP level 3. HP: 20/20 MP: 1/6
  1196 | D:2      | Reached XP level 4. HP: 22/26 MP: 3/7
  1270 | D:2      | Noticed Sigmund
  1464 | D:3      | HP: 1/26 [orc priest/+0 mace (4)]
  1466 | D:4      | Slain by an orc

Illustrated notes

Levels and vault maps discovered:
D:1:      matt_arrival_spirals, layout_loops_ring
D:2:      layout_basic, uniq_jessica, uniq_sigmund
D:3:      layout_loops_ring, grunt_dithmenos_smoke_and_mirrors,
          nemelex_diamond_rough_becter, ebering_ecumenical_altar_abandoned
D:4:      layout_gridville, ashenzari_conservatory_becter,
          gammafunk_ghost_split, corexii_corridor_pit, uniq_eustachio,
          uniq_pargi

Skill      XL: |  1  2  3  4 |
---------------+-------------+-----
Fighting       | 1 2 |  2.1
Earth Magic    | 4 |  4.5
Stealth        | 3 |  3.4
Dodging        | |  1.5
Spellcasting   | |  2.7
Transmutations | |  0.7

Action                     |  1- 3 |  4- 6 || total
---------------------------+-------+-------++-------
  Melee: Dagger            |       |     1 ||     1
   Cast: Sandblast         |    28 |    18 ||    46
    Use: Potion            |       |     1 ||     1
 Armour: Robe              |     7 |     1 ||     8
  Dodge: Dodged            |     4 |     8 ||    12
